 Dungeon Sprint DCSS version bcrawl-1.12-11-gb93c957c58 (webtiles) character file.

Game seed: 14720513769632979722

12100000 Freyura the Blood Saint (level 27, -1/249 HPs)
             Began as a Demonspawn Gladiator on June 30, 2019.
             Was the Champion of Makhleb.
             Slain by a meat berserker
             ... wielding a +9 battleaxe
              (76 damage)
             ... in the Dungeon (Sprint VIII: "Arena of Blood").
             The game lasted 00:05:23 (121 turns).

Freyura the Blood Saint (Demonspawn Gladiator)       Turns: 121, Time: 00:05:24

Health: -1/249     AC: 18    Str: 18    XL:     27
Magic:  31/54      EV: 36    Int: 10    God:    Makhleb [******]
Gold:   0          SH:  0    Dex: 24    Spells: 80/80 levels left

rFire    . . .     SeeInvis +   l - +∞ Axe of Woe
rCold    + . .     Gourm    .   (shield currently unavailable)
rNeg     . . .     Faith    .   b - +0 leather armour
rPois    .         Spirit   .   (helmet unavailable)
rElec    .         Reflect  .   (no cloak)
rCorr    .         Harm     .   (no gloves)
MR       ++...     NoTele   +   (no boots)
Stlth    ++++++++++             (no amulet)
HPRegen  0.51/turn              (no ring)
MPRegen  0.34/turn              (no ring)

@: sanguine armour
A: antennae 3, cold resistance 1, demonic guardian 3, nightstalker 3, passive
freeze, freezing cloud immunity, sanguine armour 3
a: Minor Destruction, Lesser Servant of Makhleb, Major Destruction, Greater
Servant of Makhleb, Renounce Religion


You were in the Dungeon.
You worshipped Makhleb.
Makhleb was exalted by your worship.
You were not hungry.

You visited 1 branch

Inventory:

Hand Weapons
 a - a +0 war axe
 l - the +∞ Axe of Woe (weapon)
   (You found it in the Dungeon)
Missiles
 d - 3 throwing nets (quivered) {!f}
Armour
 b - a +0 leather armour (worn)
 c - a +0 helmet
Scrolls
 k - a scroll of blinking
Potions
 e - a potion of curing
 g - a potion of heal wounds
 h - a potion of haste
 i - 2 potions of magic
 j - a potion of berserk rage
Comestibles
 f - a ration {!d}


   Skills:
 O Level 27 Fighting
 O Level 27 Axes
 O Level 27 Throwing
 O Level 27 Armour
 O Level 27 Dodging
 O Level 27 Stealth
 O Level 27 Unarmed Combat
 O Level 27 Spellcasting
 O Level 27 Invocations


You had 80 spell levels left.
You didn't know any spells.
Your spell library was empty.

Dungeon Overview and Level Annotations

Branches:
Dungeon (1/1)

Altars:
Makhleb


Innate Abilities, Weirdness & Mutations

You have a pair of large antennae on your head. (SInv)
Your flesh is cold resistant. (rC+)
A powerful demonic guardian rushes to your aid.
You are completely attuned to the shadows.
A frigid envelope surrounds you and freezes all who hurt you.
You are immune to freezing clouds.
When seriously injured, your bleeding wounds create very thick armour. (AC +12)


Message History

You hear a shout! x14
You hear a shout! x15
A meat berserker comes into view. It is wielding a +9 battleaxe.
The meat berserker shouts!
You hear a shout! x8
Your blood armour dries and flakes away.
You hear a shout! x13
A destroyer comes into view.
It is wielding a +9 great sword of slicing.
You hear a shout! x2
The meat berserker hits you with a +9 battleaxe!!!
Your blood congeals into armour.
The meat berserker is frozen.
The meat berserker is lightly wounded.
You hear a shout! x4
The dread throws damnation at you.
The sphere of damnation explodes!
The damnation engulfs you! The damnation engulfs your lorocyproca.
The damnation engulfs the meat berserker.
You hear a shout! x2
A meat berserker comes into view. It is wielding a +9 battleaxe.
The meat berserker hits you with a +9 battleaxe!!!!
You die...

##############
.....=..{....####
.........W...2..##
..##)##)#####@.2..
....X........O....
....##.#..........
.......X........V.
........#..O....#.
.{...)X))))L.. {
.....)))))...
.....)))))%..
.....)))%)...


You could see a destroyer, a dread, 2 meat berserkers and 2 friendly
lorocyprocas.

Vanquished Creatures
  7 hell beasts (D)
  2 greater mummies (D)
  A great orb of eyes (D)
  A wraith (D)
  17 vampire knights (D)
  19 ogres (D)
  4 two-headed ogres (D)
  5 liches (D)
  43 orcs (D)
  2 phantoms (D)
  5 skeletal warriors (D)
  A sea snake (D)
  3 large abominations (D)
  4 small abominations (D)
  6 crawling corpses (D)
120 creatures vanquished.

Vanquished Creatures (collateral kills)
  2 crawling corpses (D)
2 creatures vanquished.

Vanquished Creatures (others)
  3 crawling corpses (D)
3 creatures vanquished.

Grand Total: 125 creatures vanquished

Notes
Turn   | Place    | Note
-------+----------+-------------------------------------------
     0 | D        | Found the +∞ Axe of Woe
     0 | D        | Freyura the Demonspawn Gladiator began the quest for the
                  | Orb.
     0 | D        | Reached XP level 1. HP: 16/16 MP: 1/1
     2 | D        | Noticed a bag of meat
     3 | D        | Noticed a bag of meat
     3 | D        | Noticed a bag of meat
     4 | D        | Became a worshipper of Makhleb the Destroyer
     5 | D        | Noticed a bag of meat
     5 | D        | Noticed a meat berserker
     6 | D        | Noticed a bag of meat
     7 | D        | Killed a bag of meat
     7 | D        | Gained mutation: You have a pair of small antennae on your
                  | head. [demonic ancestry]
     7 | D        | Reached XP level 2. HP: 40/40 MP: 1/11
     7 | D        | Reached XP level 3. HP: 46/46 MP: 1/12
     7 | D        | Reached XP level 4. HP: 53/53 MP: 1/14
     7 | D        | Reached XP level 5. HP: 59/59 MP: 1/15
     7 | D        | Reached XP level 6. HP: 66/66 MP: 1/17
     7 | D        | Gained mutation: A weak demonic guardian rushes to your
                  | aid. [demonic ancestry]
     7 | D        | Reached XP level 7. HP: 72/72 MP: 1/18
     7 | D        | Gained mutation: You have a pair of antennae on your head.
                  | [demonic ancestry]
     7 | D        | Reached XP level 8. HP: 79/79 MP: 1/20
     7 | D        | Gained mutation: You are slightly more attuned to the
                  | shadows. [demonic ancestry]
     7 | D        | Reached XP level 9. HP: 85/85 MP: 1/21
     7 | D        | Gained mutation: When seriously injured, your bleeding
                  | wounds create armour. (AC +12) [demonic ancestry]
     7 | D        | Reached XP level 10. HP: 92/92 MP: 1/22
     7 | D        | Gained mutation: A demonic guardian rushes to your aid.
                  | [demonic ancestry]
     7 | D        | Reached XP level 11. HP: 98/98 MP: 1/23
     7 | D        | Noticed a meat berserker
     8 | D        | Noticed a meat berserker
     8 | D        | Noticed a bag of meat
     8 | D        | Killed a bag of meat
     8 | D        | Reached * piety under Makhleb
     8 | D        | Reached skill level 15 in Fighting
     8 | D        | Gained mutation: You are significantly more attuned to the
                  | shadows. [demonic ancestry]
     8 | D        | Reached XP level 12. HP: 107/110 MP: 1/25
     8 | D        | Noticed a meat berserker
     9 | D        | Killed a bag of meat
     9 | D        | Reached skill level 15 in Axes
     9 | D        | Reached skill level 15 in Throwing
     9 | D        | Reached skill level 15 in Dodging
     9 | D        | Reached XP level 13. HP: 116/119 MP: 1/27
     9 | D        | Killed a bag of meat
     9 | D        | Reached XP level 14. HP: 125/128 MP: 1/28
     9 | D        | Noticed a bag of meat
    10 | D        | Killed a meat berserker
    10 | D        | Reached ** piety under Makhleb
    10 | D        | Reached XP level 15. HP: 139/139 MP: 1/30
    10 | D        | Killed a meat berserker
    10 | D        | Noticed a meat berserker
    11 | D        | Killed a meat berserker
    11 | D        | Reached skill level 27 in Invocations
    11 | D        | Gained mutation: You have a pair of large antennae on your
                  | head. (SInv) [demonic ancestry]
    11 | D        | Reached XP level 16. HP: 154/154 MP: 2/33
    11 | D        | Killed a meat berserker
    11 | D        | Reached *** piety under Makhleb
    11 | D        | Gained mutation: Your flesh is cold resistant. (rC+)
                  | [demonic ancestry]
    11 | D        | Reached XP level 17. HP: 165/165 MP: 2/34
    15 | D        | Killed a meat berserker
    15 | D        | Reached **** piety under Makhleb
    15 | D        | Reached XP level 18. HP: 72/181 MP: 3/35
    16 | D        | Noticed a destroyer
    18 | D        | Reached skill level 27 in Fighting
    21 | D        | Noticed a large bag of meat
    23 | D        | Reached ***** piety under Makhleb
    23 | D        | Reached skill level 27 in Axes
    23 | D        | Reached skill level 27 in Throwing
    23 | D        | Reached skill level 27 in Dodging
    23 | D        | Reached XP level 19. HP: 189/189 MP: 4/36
    24 | D        | Reached skill level 10 in Armour
    24 | D        | Reached skill level 10 in Unarmed Combat
    24 | D        | Reached skill level 10 in Spellcasting
    24 | D        | Noticed a destroyer
    24 | D        | Noticed a meat berserker
    24 | D        | Noticed a large bag of meat
    26 | D        | Gained mutation: You are immune to freezing clouds.
                  | [demonic ancestry]
    26 | D        | Reached XP level 20. HP: 197/197 MP: 5/40
    26 | D        | Reached ****** piety under Makhleb
    28 | D        | Noticed a large bag of meat
    28 | D        | Noticed a destroyer
    28 | D        | Noticed a destroyer
    29 | D        | Noticed a meat berserker
    29 | D        | Killed a destroyer
    29 | D        | Gained mutation: When seriously injured, your bleeding
                  | wounds create thick armour. (AC +12) [demonic ancestry]
    29 | D        | Reached XP level 21. HP: 191/204 MP: 6/46
    30 | D        | Noticed a destroyer
    30 | D        | Killed a destroyer
    31 | D        | Killed a large bag of meat
    32 | D        | Killed a destroyer
    32 | D        | Reached skill level 27 in Stealth
    32 | D        | Reached XP level 22. HP: 212/212 MP: 6/51
    32 | D        | Killed a destroyer
    32 | D        | Reached skill level 27 in Armour
    32 | D        | Reached skill level 27 in Unarmed Combat
    32 | D        | Reached skill level 27 in Spellcasting
    32 | D        | Noticed a large bag of meat
    34 | D        | Gained mutation: You are completely attuned to the shadows.
                  | [demonic ancestry]
    34 | D        | Reached XP level 23. HP: 219/219 MP: 7/54
    35 | D        | Killed a large bag of meat
    36 | D        | Noticed a destroyer
    37 | D        | Gained mutation: A frigid envelope surrounds you and
                  | freezes all who hurt you. [demonic ancestry]
    37 | D        | Reached XP level 24. HP: 227/227 MP: 7/54
    37 | D        | Noticed a large bag of meat
    39 | D        | Killed a large bag of meat
    40 | D        | Killed a destroyer
    41 | D        | Gained mutation: A powerful demonic guardian rushes to your
                  | aid. [demonic ancestry]
    41 | D        | Reached XP level 25. HP: 234/234 MP: 8/54
    41 | D        | Noticed a destroyer
    44 | D        | Noticed a destroyer
    45 | D        | Noticed an accursed
    45 | D        | Killed a large bag of meat
    46 | D        | Killed a destroyer
    46 | D        | Gained mutation: When seriously injured, your bleeding
                  | wounds create very thick armour. (AC +12) [demonic
                  | ancestry]
    46 | D        | Reached XP level 26. HP: 242/242 MP: 10/54
    47 | D        | Killed a destroyer
    48 | D        | Killed an accursed
    48 | D        | Killed a destroyer
    48 | D        | Reached XP level 27. HP: 125/249 MP: 10/54
    48 | D        | Noticed a destroyer
    49 | D        | Noticed a destroyer
    52 | D        | Noticed a destroyer
    53 | D        | Killed a destroyer
    55 | D        | Killed a destroyer
    55 | D        | Noticed a destroyer
    55 | D        | Noticed a tyrant
    57 | D        | Killed a destroyer
    58 | D        | Noticed a meat beast
    58 | D        | Noticed a destroyer
    58 | D        | Noticed a meat beast
    60 | D        | Killed a meat beast
    60 | D        | Killed a meat beast
    61 | D        | Killed a destroyer
    61 | D        | Killed a tyrant
    62 | D        | Noticed a dread
    62 | D        | Noticed an accursed
    64 | D        | Noticed a destroyer
    64 | D        | Noticed a destroyer
    65 | D        | Killed a destroyer
    65 | D        | Noticed a destroyer
    65 | D        | Noticed a meat beast
    66 | D        | Noticed a meat beast
    68 | D        | Killed a meat beast
    68 | D        | Killed a meat beast
    68 | D        | Killed an accursed
    69 | D        | Killed a destroyer
    69 | D        | Noticed a meat beast
    70 | D        | Noticed a meat beast
    70 | D        | Noticed a destroyer
    72 | D        | Killed a meat beast
    73 | D        | Killed a meat beast
    75 | D        | Killed a destroyer
    83 | D        | Killed a destroyer
    84 | D        | Noticed a meat beast
    86 | D        | Noticed a tyrant
    86 | D        | Noticed a dread
    87 | D        | Killed a meat beast
    94 | D        | Killed a tyrant
    94 | D        | Killed a dread
    95 | D        | Noticed a tyrant
    98 | D        | Noticed a tyrant
   102 | D        | Noticed a dread
   103 | D        | Noticed a tyrant
   105 | D        | Killed a tyrant
   107 | D        | Killed a tyrant
   112 | D        | Killed a tyrant
   114 | D        | Killed a destroyer
   121 | D        | Noticed a destroyer
   121 | D        | Slain by a meat berserker

Skill      XL: |  1  2  3  4  5  6  7  8  9 10 11 12 13 14 15 16 17 18 19 20 21 22 |
---------------+-------------------------------------------------------------------+-----
Fighting       | 13 15 16 17 19 22 23 26 27 | 27.0
Axes           | 12 14 15 16 18 20 22 25 27 | 27.0
Throwing       | 12 14 15 16 18 20 22 25 27 | 27.0
Dodging        | 12 14 15 16 18 20 22 25 27 | 27.0
Invocations    | 16 18 20 21 23 27 | 27.0
Armour         | 3 16 21 25 27 | 27.0
Stealth        | 3 17 22 27 | 27.0
Unarmed Combat | 3 16 21 25 27 | 27.0
Spellcasting   | 3 16 21 25 27 | 27.0

Action                   |  1- 3 |  4- 6 |  7- 9 | 10-12 | 13-15 | 16-18 | 19-21 | 22-24 | 25-27 || total
-------------------------+-------+-------+-------+-------+-------+-------+-------+-------+-------++-------
Melee: Executioner's axe |     1 |       |       |     2 |     2 |     4 |     7 |     9 |    45 ||    70
Invok: Greater Servant o |       |       |       |       |       |       |       |       |     2 ||     2
 Stab: Distracted        |       |       |       |       |       |       |       |       |     1 ||     1
Armor: Leather armour    |       |       |       |       |       |       |       |       |     3 ||     3
Dodge: Dodged            |       |       |       |       |       |       |     2 |       |    10 ||    12
